 Dungeon Sprint DCSS version 0.20.1-1-g8b1a95d (webtiles) character file.

3549 equalderp2856 the Cleaver (level 9, -2/93 HPs)
             Began as a Minotaur Fighter on Oct 11, 2017.
             Succumbed to Sonja's poison
             ... in the Dungeon (Sprint I: "Red Sonja").
             The game lasted 00:03:48 (2005 turns).

equalderp2856 the Cleaver (Minotaur Fighter)        Turns: 2005, Time: 00:03:50

Health: -2/93      AC: 13    Str: 25    XL:     9   Next: 83%
Magic:  8/8        EV: 11    Int:  6    God:
Gold:   473        SH: 13    Dex: 13    Spells: 8/8 levels left

rFire    . . .     SeeInvis .   a - +0 war axe
rCold    + . .     Gourm    .   c - +0 shield
rNeg     . . .     Faith    .   m - +1 chain mail {rC+}
rPois    .         Spirit   .   (helmet restricted)
rElec    .         Reflect  .   (no cloak)
rCorr    .         Harm     .   (no gloves)
MR       .....     NoTele   +   (no boots)
Stlth    ..........             (no amulet)
Regen    0.3/turn               (no ring)
MPRegen  0.2/turn               (no ring)

@: mighty, lethally poisoned (-2 -> -56), slowed, very slow
A: retaliatory headbutt, horns 2
a: no special abilities


You were in the Dungeon.
You were not hungry.

You visited 1 branch You collected 654 gold pieces.
You spent 181 gold pieces at shops.

Inventory:

Hand Weapons
 a - a +0 war axe (weapon)
Armour
 b - a +0 scale mail
 c - a +0 shield (worn)
 m - a +1 chain mail of cold resistance (worn)
Scrolls
 j - a scroll of remove curse {unknown}
 k - a scroll of blinking
 n - a scroll of identify {unknown}
Potions
 f - a potion of agility {unknown}
 h - a potion of haste
 i - 2 potions of magic
 l - a potion of mutation {unknown}
Comestibles
 g - 3 fruits


   Skills:
 + Level 13.6 Fighting
 + Level 14.8 Axes
 + Level 12.3 Armour
 + Level 4.9 Dodging
 + Level 2.6 Stealth
 + Level 12.3 Shields


You had 8 spell levels left.
You didn't know any spells.

Dungeon Overview and Level Annotations

Branches:
Dungeon (1/1)

Altars:
Cheibriados
Dithmenos
Elyvilon
Fedhas
Gozag
Hepliaklqana
Kikubaaqudgha
Makhleb
Nemelex Xobeh
Okawaru
Qazlal
Ru
Sif Muna
Trog
Uskayaw
Vehumet
Xom
Yredelemnul
Zin
The Shining One
Jiyva
Lugonu

Shops:
D %[

Annotations:
D Sonja


Innate Abilities, Weirdness & Mutations

You reflexively headbutt those who attack you in melee.
You have a pair of horns on your head.


Message History

You feel very sick. You block Sonja's attack.
Sonja hits you but does no damage. x2
You are more poisoned.
There is an open door here.
You miss Sonja. Your headbutt misses Sonja.
* * * LOW HITPOINT WARNING * * *
You feel very sick.
Sonja casts a spell.
Sonja blinks!
Unknown command.
You closely miss Sonja.
* * * LOW HITPOINT WARNING * * *
You feel very sick. Sonja hits you but does no damage.
You are more poisoned.
Sonja barely misses you. Sonja hits you but does no damage.
You are more poisoned.
Sonja casts a spell.
Sonja blinks!
You die...

#..'[.#..').#..'^.'..#)..#
#..#####'#####'#__####...+
#..####..#.K.#.####§§#####
#..#__####..##[#§§≈§§#..#
#..#_____##'#..§§§(§.§..#
#⌠⌠#_.∩...'..._#§≈§.)#§.#
####_..__##_§#'##'#####'#
#_____###'#.#.)§.###.+
#########@####'###.###
+$.$'(....'(∩#
#(P(########## ##(## #'#
!$!


$//P$ ####### You could see Sonja and an active ballistomycete.

Vanquished Creatures
  2 centaur warriors (D)
  A deep troll (D)
  An oklob plant (D)
  2 kobold demonologists (D)
  A slime creature (D)
  A hornet (D)
  A yak (D)
  Sigmund (D)
  A floating eye (D)
  An ogre (D)
  A jelly (D)
  Ijyb (D)
14 creatures vanquished.

Vanquished Creatures (others)
  2 ballistomycete spores (D)
2 creatures vanquished.

Grand Total: 16 creatures vanquished

Notes
Turn   | Place    | Note
-------+----------+-------------------------------------------
     0 | D        | equalderp2856 the Minotaur Fighter began the quest for the Orb.
     0 | D        | Reached XP level 1. HP: 19/19 MP: 0/0
     2 | D        | Noticed Ijyb
    16 | D        | Killed Ijyb
    16 | D        | Reached skill level 5 in Fighting
    16 | D        | Reached skill level 3 in Axes
    16 | D        | Reached skill level 5 in Armour
    16 | D        | Reached skill level 5 in Shields
    16 | D        | Reached XP level 2. HP: 21/29 MP: 1/1
    97 | D        | Noticed an ogre
   101 | D        | Killed an ogre
   101 | D        | Reached skill level 4 in Axes
   101 | D        | Reached XP level 3. HP: 38/38 MP: 2/2
   101 | D        | Reached XP level 4. HP: 45/45 MP: 3/3
   153 | D        | Noticed Sigmund
   172 | D        | Killed Sigmund
   172 | D        | Reached skill level 6 in Axes
   172 | D        | Reached XP level 5. HP: 25/53 MP: 4/4
   342 | D        | Found a deep blue altar of Sif Muna.
   344 | D        | Found a radiant altar of Vehumet.
   348 | D        | Reached XP level 6. HP: 57/62 MP: 5/5
   370 | D        | Found a burning altar of Makhleb.
   370 | D        | Found a viscous altar of Jiyva.
   370 | D        | Found a shimmering altar of Xom.
   370 | D        | Found a corrupted altar of Lugonu.
   370 | D        | Noticed a slime creature
   378 | D        | Killed a slime creature
   378 | D        | Reached skill level 7 in Axes
   378 | D        | Reached skill level 10 in Armour
   566 | D        | Found Ijajok's Food Emporium.
   566 | D        | Found an ancient bone altar of Kikubaaqudgha.
   566 | D        | Found a hazy altar of Hepliaklqana.
   566 | D        | Found a stormy altar of Qazlal.
   566 | D        | Found a hide-covered altar of Uskayaw.
   566 | D        | Found a blossoming altar of Fedhas.
   566 | D        | Found a bloodstained altar of Trog.
   566 | D        | Found an iron altar of Okawaru.
   566 | D        | Found a basalt altar of Yredelemnul.
   566 | D        | Found a glowing golden altar of the Shining One.
   566 | D        | Found a snail-covered altar of Cheibriados.
   566 | D        | Found a sacrificial altar of Ru.
   566 | D        | Found a glowing silver altar of Zin.
   566 | D        | Found a shadowy altar of Dithmenos.
   566 | D        | Found a white marble altar of Elyvilon.
   566 | D        | Noticed a yak
   568 | D        | Found an opulent altar of Gozag.
   578 | D        | Killed a yak
   578 | D        | Reached skill level 10 in Fighting
   578 | D        | Reached skill level 8 in Axes
   578 | D        | Reached skill level 1 in Stealth
   578 | D        | Reached skill level 10 in Shields
   578 | D        | Reached XP level 7. HP: 29/72 MP: 6/6
   670 | D        | Found a sparkling altar of Nemelex Xobeh.
   787 | D        | Noticed a centaur warrior
   788 | D        | Noticed a centaur warrior
   814 | D        | Killed a centaur warrior
   814 | D        | Reached skill level 11 in Axes
   814 | D        | Reached XP level 8. HP: 24/82 MP: 7/7
   817 | D        | Killed a centaur warrior
   817 | D        | Reached skill level 12 in Axes
  1066 | D        | Noticed a hornet
  1073 | D        | Killed a hornet
  1073 | D        | Reached XP level 9. HP: 76/90 MP: 8/8
  1154 | D        | Noticed a kobold demonologist
  1155 | D        | Noticed a kobold demonologist
  1156 | D        | Reached skill level 13 in Axes
  1163 | D        | Noticed an orange demon
  1166 | D        | Noticed an ice devil
  1167 | D        | Noticed an ice devil
  1170 | D        | Noticed a red devil
  1171 | D        | Noticed a red devil
  1172 | D        | Killed a kobold demonologist
  1177 | D        | Killed a kobold demonologist
  1177 | D        | Reached skill level 14 in Axes
  1506 | D        | Noticed an oklob plant
  1513 | D        | Killed an oklob plant
  1752 | D        | Noticed a deep troll
  1763 | D        | Killed a deep troll
  1904 | D        | Found Bem Diuq's Armour Emporium.
  1908 | D        | Bought a +1 chain mail of cold resistance for 181 gold pieces
  1983 | D        | Noticed Sonja
  2005 | D        | Succumbed to Sonja's poison

Skill      XL: |  1  2  3  4  5  6  7  8  9 |
---------------+----------------------------+-----
Fighting       | 5 6 8 10 11 12 13 | 13.6
Axes           | 3 4 6 8 11 12 14 | 14.8
Armour         | 5 6 8 9 10 11 12 | 12.3
Shields        | 5 6 8 10 11 12 | 12.3
Stealth        | 1 2 |  2.6
Dodging        | 2 3 4 |  4.9

Action                   |  1- 3 |  4- 6 |  7- 9 || total
-------------------------+-------+-------+-------++-------
Melee: War axe           |    16 |    29 |    63 ||   108
       Headbutt          |     1 |     8 |    14 ||    23
  Use: Potion            |     1 |       |     4 ||     5
  Eat: Bread ration      |       |       |     1 ||     1
Armor: Scale mail        |     6 |     7 |    23 ||    36
       Chain mail        |       |       |    10 ||    10
Dodge: Dodged            |     1 |     4 |    32 ||    37
Block: Shield            |     7 |    11 |    47 ||    65
